TOP OF THE 1ST |
Winnipeg Goldeyes batting - Pitching for London Majors : RHP Brad Harth
|
Pitching: RHP Brad Harth
|
|
Batting: RHB John Dew
|
0-0: Ball 1-0: Ball 2-0: Ball 3-0: Called Strike 3-1: Base on Balls
|
Batting: RHB David McClellan
|
0-0: Ball 1-0: Called Strike 1-1: Swinging Strike 1-2: Ball 2-2: Strikes out swinging
|
Batting: SHB Ian Thompson
|
0-0: Ball 1-0: Grounds into double play, 4-6-3 (Groundball, 34D, EV 81.3 MPH)
|
Top of the 1st over - 0 runs, 0 hits, 0 errors, 0 left on base; Winnipeg 0 - London 0 |
BOTTOM OF THE 1ST |
London Majors batting - Pitching for Winnipeg Goldeyes : RHP Tom Winsor
|
Pitching: RHP Tom Winsor
|
|
Batting: RHB Braydon Pinsent
|
0-0: Called Strike 0-1: Foul Ball, location: 2F 0-2: Foul Ball, location: 2F 0-2: Ground out 6-3 (Groundball, 6, EV 105.0 MPH)
|
Batting: RHB Brock Van Gilder
|
0-0: Ball 1-0: Ball 2-0: Ball 3-0: Called Strike 3-1: Base on Balls
|
Batting: RHB Frank Caulfield
|
0-0: Ball 1-0: Foul Ball, location: 2F 1-1: Called Strike Brock Van Gilder steals 2nd base 1-2: SINGLE (Line Drive, 6M, EV 94.4 MPH) Brock Van Gilder to third
|
Batting: LHB Frank Nelson
|
0-0: Ball Frank Caulfield steals 2nd base 1-0: Foul Ball, location: 2F 1-1: Ball 2-1: Foul Ball, location: 2F 2-2: Foul Ball, location: 2F 2-2: DOUBLE (Line Drive, 3D, EV 98.8 MPH) Brock Van Gilder scores Frank Caulfield scores
|
Pitching: RHP Tim Weller
|
|
Batting: RHB Chris Martin
|
0-0: Ball 1-0: Foul Ball, location: 2F 1-1: Ball 2-1: SINGLE (Groundball, 15S, EV 66.3 MPH) (infield hit) Frank Nelson to third
|
Batting: LHB Kurt Estep
|
0-0: Ball 1-0: Ball 2-0: Ball 3-0: Called Strike 3-1: Swinging Strike 3-2: Base on Balls Chris Martin to second
|
Batting: RHB Bill Murray
|
0-0: TRIPLE (Flyball, 8RXD, EV 104.4 MPH) Frank Nelson scores Chris Martin scores Kurt Estep scores
|
Batting: RHB Bobby Lasaguna
|
0-0: Ball 1-0: Swinging Strike 1-1: Ball 2-1: Foul Ball, location: 2F 2-2: SINGLE (Groundball, 56D, EV 108.1 MPH) Bill Murray scores
|
Batting: RHB Terry Plumley
|
0-0: Ball Bobby Lasaguna steals 2nd base 1-0: Ball 2-0: Foul Ball, location: 2F 2-1: Fly out, F8 (Flyball, 8LD, EV 86.9 MPH)
|
Pitching: LHP Kevin Drew
|
|
Batting: RHB Braydon Pinsent
|
0-0: Swinging Strike 0-1: Ball Bobby Lasaguna steals 3rd base 1-1: Ball 2-1: Ball 3-1: Swinging Strike 3-2: Fly out, F3 (Line Drive, 3, EV 75.0 MPH)
|
Bottom of the 1st over - 6 runs, 5 hits, 0 errors, 1 left on base; Winnipeg 0 - London 6 |
TOP OF THE 2ND |
Winnipeg Goldeyes batting - Pitching for London Majors : RHP Brad Harth
|
Batting: RHB Steve Raine
|
0-0: Called Strike 0-1: Foul Ball, location: 2F 0-2: Ball 1-2: Ball 2-2: Ball 3-2: Foul Ball, location: 2F 3-2: Ground out 1-3 (Groundball, P, EV 66.9 MPH)
|
Batting: LHB Marvin Shepherd
|
0-0: Ground out 4-3 (Groundball, 34D, EV 103.1 MPH)
|
Batting: LHB Kuemon Shishido
|
0-0: Fly out, F5 (Popup, 5SF, EV 83.8 MPH)
|
Top of the 2nd over - 0 runs, 0 hits, 0 errors, 0 left on base; Winnipeg 0 - London 6 |
BOTTOM OF THE 2ND |
London Majors batting - Pitching for Winnipeg Goldeyes : LHP Kevin Drew
|
Batting: RHB Brock Van Gilder
|
0-0: Ball 1-0: SINGLE (Flyball, 56D, EV 89.4 MPH)
|
Batting: RHB Frank Caulfield
|
0-0: Swinging Strike 0-1: Fly out, F9 (Flyball, 9, EV 85.6 MPH)
|
Batting: LHB Frank Nelson
|
0-0: Foul Ball, location: 2F 0-1: Ball 1-1: Ball 2-1: Ball Wild Pitch! Brock Van Gilder to second 3-1: Foul Ball, location: 2F 3-2: Base on Balls
|
Batting: RHB Chris Martin
|
0-0: Called Strike 0-1: SINGLE (Flyball, 56D, EV 90.6 MPH) Brock Van Gilder to third Frank Nelson to second
|
Pitching: RHP Chad Brock
|
|
Batting: LHB Kurt Estep
|
0-0: Ball 1-0: Ball 2-0: Ball 3-0: Base on Balls Brock Van Gilder scores Frank Nelson to third Chris Martin to second
|
Batting: RHB Bill Murray
|
0-0: Ball 1-0: Foul Ball, location: 2F 1-1: Swinging Strike 1-2: Strikes out swinging
|
Batting: RHB Bobby Lasaguna
|
0-0: Ball 1-0: Ball 2-0: Foul Ball, location: 2F 2-1: Fly out, F8 (Line Drive, 8LM, EV 93.8 MPH)
|
Bottom of the 2nd over - 1 run, 2 hits, 0 errors, 3 left on base; Winnipeg 0 - London 7 |
TOP OF THE 3RD |
Winnipeg Goldeyes batting - Pitching for London Majors : RHP Brad Harth
|
Batting: RHB Antonio Santos
|
0-0: Called Strike 0-1: Called Strike 0-2: Fly out, F7 (Flyball, 78S, EV 82.5 MPH)
|
Batting: RHB Ton van Dijk
|
0-0: Called Strike 0-1: Foul Ball, location: 2F 0-2: Ball 1-2: Foul Ball, location: 2F 1-2: TRIPLE (Line Drive, 78XD, EV 106.9 MPH)
|
Batting: RHB Ricky Pizarro
|
0-0: Ball 1-0: Swinging Strike 1-1: Foul Ball, location: 2F 1-2: Ball 2-2: Strikes out swinging
|
Batting: RHB John Dew
|
0-0: Ball 1-0: SINGLE (Line Drive, 78S, EV 103.1 MPH) Ton van Dijk scores
|
Batting: RHB David McClellan
|
0-0: Ball 1-0: Foul Ball, location: 2F 1-1: Called Strike 1-2: Ball Wild Pitch! John Dew to second 2-2: Fly out, F9 (Flyball, 9S, EV 88.8 MPH)
|
Top of the 3rd over - 1 run, 2 hits, 0 errors, 1 left on base; Winnipeg 1 - London 7 |
BOTTOM OF THE 3RD |
London Majors batting - Pitching for Winnipeg Goldeyes : RHP Chad Brock
|
Batting: RHB Terry Plumley
|
0-0: Called Strike 0-1: Ball 1-1: Ball 2-1: Ball 3-1: Base on Balls
|
Batting: RHB Braydon Pinsent
|
0-0: Ball 1-0: Grounds into double play, 4-6-3 (Groundball, 4, EV 105.0 MPH)
|
Pitching: RHP Larry Muttart
|
|
Batting: RHB Brock Van Gilder
|
0-0: Called Strike 0-1: Fly out, F1 (Line Drive, P, EV 70.0 MPH)
|
Bottom of the 3rd over - 0 runs, 0 hits, 0 errors, 0 left on base; Winnipeg 1 - London 7 |
TOP OF THE 4TH |
Winnipeg Goldeyes batting - Pitching for London Majors : RHP Brad Harth
|
Batting: SHB Ian Thompson
|
0-0: Called Strike 0-1: Ball 1-1: Foul Ball, location: 2F 1-2: Strikes out swinging
|
Batting: RHB Steve Raine
|
0-0: Foul Ball, location: 2F 0-1: Fly out, F8 (Flyball, 8RS, EV 92.5 MPH)
|
Batting: LHB Marvin Shepherd
|
0-0: Foul Ball, location: 2F 0-1: Swinging Strike 0-2: Ball 1-2: Ball 2-2: Foul Ball, location: 2F 2-2: Fly out, F6 (Popup, 4MD, EV 56.9 MPH)
|
Top of the 4th over - 0 runs, 0 hits, 0 errors, 0 left on base; Winnipeg 1 - London 7 |
BOTTOM OF THE 4TH |
London Majors batting - Pitching for Winnipeg Goldeyes : RHP Larry Muttart
|
Batting: RHB Frank Caulfield
|
0-0: Swinging Strike 0-1: Ball 1-1: Ball 2-1: Called Strike 2-2: Foul Ball, location: 2F 2-2: Ball 3-2: Base on Balls
|
Batting: LHB Frank Nelson
|
0-0: SINGLE (Line Drive, 4M, EV 103.8 MPH) Frank Caulfield to second
|
Batting: RHB Chris Martin
|
0-0: Called Strike 0-1: Fly out, F6 (Flyball, 56D, EV 82.5 MPH)
|
Batting: LHB Kurt Estep
|
0-0: Foul Ball, location: 2F 0-1: Ball 1-1: Ball 2-1: Foul Ball, location: 2F 2-2: Ball 3-2: Foul Ball, location: 2F 3-2: Base on Balls Frank Caulfield to third Frank Nelson to second
|
Pitching: LHP David Gordon
|
|
Batting: RHB Bill Murray
|
0-0: SINGLE (Groundball, 5S, EV 68.8 MPH) (infield hit) Frank Caulfield scores Frank Nelson to third Kurt Estep to second
|
Batting: RHB Bobby Lasaguna
|
0-0: Ball 1-0: Ball 2-0: Ball 3-0: Called Strike 3-1: GRAND SLAM HOME RUN (Flyball, 8LXD, EV 98.1 MPH) (Inside the Park)
|
Batting: RHB Terry Plumley
|
0-0: Called Strike 0-1: Ground out 6-3 (Groundball, 6, EV 106.9 MPH)
|
Batting: RHB Braydon Pinsent
|
0-0: Ball 1-0: Called Strike 1-1: Ball 2-1: Swinging Strike 2-2: Ball 3-2: Foul Ball, location: 2F 3-2: Base on Balls
|
Batting: RHB Brock Van Gilder
|
0-0: Swinging Strike 0-1: Foul Ball, location: 2F 0-2: Foul Ball, location: 2F 0-2: DOUBLE (Line Drive, 78D, EV 107.5 MPH) Braydon Pinsent to third
|
Pitching: RHP Aaron Elliott
|
|
Batting: RHB Frank Caulfield
|
0-0: Ball 1-0: Ball 2-0: Called Strike 2-1: Ball 3-1: Foul Ball, location: 2F 3-2: Foul Ball, location: 2F 3-2: DOUBLE (Line Drive, 3D, EV 103.8 MPH) Braydon Pinsent scores Brock Van Gilder scores
|
Batting: LHB Frank Nelson
|
0-0: Called Strike 0-1: Foul Ball, location: 2F 0-2: Strikes out swinging
|
Bottom of the 4th over - 7 runs, 5 hits, 0 errors, 1 left on base; Winnipeg 1 - London 14 |
TOP OF THE 5TH |
Winnipeg Goldeyes batting - Pitching for London Majors : RHP Brad Harth
|
Batting: LHB Kuemon Shishido
|
0-0: Ball 1-0: Foul Ball, location: 2F 1-1: Ground out 4-3 (Groundball, 4, EV 87.5 MPH)
|
Batting: RHB Antonio Santos
|
0-0: Foul Ball, location: 2F 0-1: Foul Ball, location: 2F 0-2: Ground out 6-3 (Groundball, 6, EV 105.0 MPH)
|
Batting: RHB Ton van Dijk
|
0-0: Ball 1-0: Ball 2-0: Foul Ball, location: 2F 2-1: Swinging Strike 2-2: Foul Ball, location: 2F 2-2: Foul Ball, location: 2F 2-2: Strikes out looking
|
Top of the 5th over - 0 runs, 0 hits, 0 errors, 0 left on base; Winnipeg 1 - London 14 |
BOTTOM OF THE 5TH |
London Majors batting - Pitching for Winnipeg Goldeyes : RHP Aaron Elliott
|
Batting: RHB Chris Martin
|
0-0: Ball 1-0: Foul Ball, location: 2F 1-1: Ball 2-1: SINGLE (Flyball, 8RS, EV 96.3 MPH)
|
Batting: LHB Kurt Estep
|
0-0: Swinging Strike 0-1: Ball 1-1: Ball 2-1: Swinging Strike 2-2: SINGLE (Groundball, 3S, EV 68.1 MPH) (infield hit) Chris Martin to second
|
Batting: RHB Bill Murray
|
0-0: Fly out, F7 (Flyball, 78D, EV 103.1 MPH)
|
Batting: RHB Bobby Lasaguna
|
0-0: Called Strike 0-1: Foul Ball, location: 2F 0-2: Grounds into double play, 4-6-3 (Groundball, 4S, EV 84.4 MPH)
|
Bottom of the 5th over - 0 runs, 2 hits, 0 errors, 1 left on base; Winnipeg 1 - London 14 |
TOP OF THE 6TH |
Winnipeg Goldeyes batting - Pitching for London Majors : RHP Brad Harth
|
Batting: RHB Ricky Pizarro
|
0-0: Ball 1-0: Ball 2-0: Foul Ball, location: 2F 2-1: Ball 3-1: Called Strike 3-2: Strikes out swinging
|
Batting: RHB John Dew
|
0-0: Foul Ball, location: 2F 0-1: Foul Ball, location: 2F 0-2: Ball 1-2: Fly out, F9 (Flyball, 9LS, EV 88.1 MPH)
|
Batting: RHB David McClellan
|
0-0: Ball 1-0: Fly out, F8 (Flyball, 8RD, EV 102.5 MPH)
|
Top of the 6th over - 0 runs, 0 hits, 0 errors, 0 left on base; Winnipeg 1 - London 14 |
BOTTOM OF THE 6TH |
London Majors batting - Pitching for Winnipeg Goldeyes : RHP Aaron Elliott
|
Batting: RHB Terry Plumley
|
0-0: Ball 1-0: SINGLE (Groundball, 6MD, EV 107.5 MPH)
|
Batting: RHB Braydon Pinsent
|
0-0: Called Strike 0-1: Ball 1-1: Fly out, F9 (Flyball, 89S, EV 86.9 MPH)
|
Batting: RHB Brock Van Gilder
|
0-0: Ball 1-0: Ball 2-0: Foul Ball, location: 2F 2-1: Foul Ball, location: 2F 2-2: Foul Ball, location: 2F 2-2: Foul Ball, location: 2F 2-2: Foul Ball, location: 2F 2-2: Ball 3-2: Foul Ball, location: 2F 3-2: DOUBLE (Flyball, 89XD, EV 103.8 MPH) Terry Plumley to third Runner from 3rd tries for Home, SAFE, throw by CF to trailing runner, SAFE at third!
|
Batting: RHB Frank Caulfield
|
0-0: Ball 1-0: Ball 2-0: Reached on error, E6 (Groundball, 6, EV 101.3 MPH) Brock Van Gilder scores
|
Batting: LHB Frank Nelson
|
0-0: Ball 1-0: Foul Ball, location: 2F 1-1: Ground out 4-3 (Groundball, 4S, EV 68.8 MPH) Frank Caulfield to second
|
Batting: RHB Chris Martin
|
0-0: Called Strike 0-1: Ball 1-1: Swinging Strike 1-2: Foul Ball, location: 2F 1-2: Foul Ball, location: 2F 1-2: Ball 2-2: Ball 3-2: Base on Balls
|
Pitching: LHP Willie Jimenez
|
|
Batting: LHB Kurt Estep
|
0-0: Foul Ball, location: 2F 0-1: Fielders Choice at 2nd, 6-4 (Groundball, 6, EV 89.4 MPH)
|
Bottom of the 6th over - 2 runs, 2 hits, 1 error, 2 left on base; Winnipeg 1 - London 16 |
TOP OF THE 7TH |
Winnipeg Goldeyes batting - Pitching for London Majors : RHP Brad Harth
|
Pinch Hitting: RHB Dave Berry
|
0-0: Foul Ball, location: 2F 0-1: Foul Ball, location: 2F 0-2: Foul Ball, location: 2F 0-2: Ball 1-2: Ball 2-2: Foul Ball, location: 2F 2-2: Strikes out looking
|
Batting: RHB Steve Raine
|
0-0: Ball 1-0: Ball 2-0: Foul Ball, location: 2F 2-1: Ball 3-1: Swinging Strike 3-2: Ground out 5-3 (Groundball, 56, EV 80.0 MPH)
|
Pinch Hitting: RHB Caleb Bockmann
|
0-0: Foul Ball, location: 2F 0-1: SINGLE (Line Drive, 7S, EV 95.6 MPH)
|
Pinch Hitting: RHB Nate Matson
|
0-0: Ball 1-0: Swinging Strike 1-1: SINGLE (Groundball, 4D, EV 98.8 MPH) Caleb Bockmann to second
|
Pinch Hitting: RHB Alexandre Garcia
|
0-0: Called Strike 0-1: Called Strike 0-2: Strikes out swinging
|
Top of the 7th over - 0 runs, 2 hits, 0 errors, 2 left on base; Winnipeg 1 - London 16 |
BOTTOM OF THE 7TH |
London Majors batting - Pitching for Winnipeg Goldeyes : LHP Willie Jimenez
|
Now at 1B: Jeremy Witt
|
|
Now at 3B: Caleb Bockmann
|
|
Now in LF: Steve Terrell
|
|
Now in RF: Dave Berry
|
|
Pinch Hitting: LHB Eric Toney
|
0-0: Foul Ball, location: 2F 0-1: Ball 1-1: Foul Ball, location: 2F 1-2: Foul Ball, location: 2F 1-2: Fly out, F7 (Flyball, 7LM, EV 110.6 MPH)
|
Batting: RHB Bobby Lasaguna
|
0-0: Called Strike 0-1: Ball 1-1: Ball 2-1: Foul Ball, location: 2F 2-2: Foul Ball, location: 2F 2-2: Strikes out swinging
|
Batting: RHB Terry Plumley
|
0-0: Ball 1-0: Foul Ball, location: 2F 1-1: Called Strike 1-2: Strikes out swinging
|
Bottom of the 7th over - 0 runs, 0 hits, 0 errors, 0 left on base; Winnipeg 1 - London 16 |
TOP OF THE 8TH |
Winnipeg Goldeyes batting - Pitching for London Majors : RHP Brad Harth
|
Now in LF: Eric Toney
|
|
Batting: RHB Ton van Dijk
|
0-0: Ball 1-0: Ball 2-0: TRIPLE (Flyball, 89XD, EV 93.8 MPH)
|
Pitching: RHP Tim Donovan
|
|
Batting: RHB Ricky Pizarro
|
0-0: Ball 1-0: Called Strike 1-1: Ball 2-1: Ball 3-1: Fly out, F8 (Flyball, 8RD, EV 85.6 MPH) Runner from 3rd tags up, SCORES, throw by CF
|
Pinch Hitting: RHB Kenny Reynolds
|
0-0: Called Strike 0-1: Ball 1-1: Ball 2-1: Swinging Strike 2-2: Strikes out looking
|
Batting: RHB David McClellan
|
0-0: Called Strike 0-1: Foul Ball, location: 2F 0-2: Ball 1-2: Ball 2-2: Strikes out looking
|
Top of the 8th over - 1 run, 1 hit, 0 errors, 0 left on base; Winnipeg 2 - London 16 |
BOTTOM OF THE 8TH |
London Majors batting - Pitching for Winnipeg Goldeyes : LHP Willie Jimenez
|
Now at 2B: Kenny Reynolds
|
|
Pinch Hitting: RHB Ed Swafford
|
0-0: Called Strike 0-1: Swinging Strike 0-2: Strikes out swinging
|
Pinch Hitting: RHB Chad Colyer
|
0-0: Ball 1-0: Ball 2-0: Ball 3-0: Base on Balls
|
Batting: RHB Frank Caulfield
|
0-0: Ball 1-0: Ball 2-0: Fielders Choice at 2nd, 4-6 (Groundball, 4, EV 86.3 MPH)
|
Batting: LHB Frank Nelson
|
0-0: Called Strike 0-1: Ball 1-1: Foul Ball, location: 2F 1-2: Strikes out swinging
|
Bottom of the 8th over - 0 runs, 0 hits, 0 errors, 1 left on base; Winnipeg 2 - London 16 |
TOP OF THE 9TH |
Winnipeg Goldeyes batting - Pitching for London Majors : RHP Tim Donovan
|
Now at 1B: Victor Ayala
|
|
Now at 3B: Dustin Bargman
|
|
Batting: RHB Dave Berry
|
0-0: Ball 1-0: Ground out 1-3 (Groundball, P, EV 74.4 MPH)
|
Batting: RHB Steve Raine
|
0-0: Swinging Strike 0-1: Foul Ball, location: 2F 0-2: Ball 1-2: Ball 2-2: Strikes out swinging
|
Batting: RHB Caleb Bockmann
|
0-0: Called Strike 0-1: Foul Ball, location: 2F 0-2: Fly out, F7 (Flyball, 78D, EV 110.6 MPH)
|
Top of the 9th over - 0 runs, 0 hits, 0 errors, 0 left on base; Winnipeg 2 - London 16 |
|